 Dungeon Crawl Stone Soup version 0.29.1-2-gbd0b4ee654 (webtiles) character file.

Game seed: 13066516480524950002

30 GorkyZ the Chopper (level 3, 0/28 HPs)
             Began as a Demonspawn Gladiator on Nov 20, 2022.
             Slain by an adder (1 damage)
             ... on level 2 of the Dungeon.
             The game lasted 00:02:18 (1196 turns).

GorkyZ the Chopper (Demonspawn Gladiator)           Turns: 1196, Time: 00:02:18

Health: 0/28       AC:  4    Str: 16    XL:     3   Next: 5%
Magic:  3/3        EV: 12    Int:  9    God:
Gold:   58         SH:  0    Dex: 14    Spells: 2/2 levels left

rFire   . . .      SeeInvis .   a - +0 war axe
rCold   . . .      Faith    .   j - orb {mayhem}
rNeg    . . .      Spirit   .   b - +0 leather armour
rPois   .          Reflect  .   c - +0 helmet
rElec   .          Harm     .   (no cloak)
rCorr   .          Rampage  .   (no gloves)
Will    .....                   (no boots)
Stlth   +.........              (no amulet)
HPRegen 0.09/turn               (no ring)
MPRegen 0.08/turn               (no ring)

@: lethally poisoned (0 -> 0)
A: demonic touch 2
a: no special abilities


You were on level 2 of the Dungeon.
You visited 1 branch of the dungeon, and saw 2 of its levels.

You collected 58 gold pieces.

Inventory:

Hand Weapons
 a - a +0 war axe (weapon)
Missiles
 d - 3 throwing nets (quivered)
 e - a javelin
Armour
 b - a +0 leather armour (worn)
 c - a +0 helmet (worn)
 j - an orb of mayhem (worn)
Scrolls
 g - a scroll of acquirement {unknown}
 h - 3 scrolls of identify {unknown}
 i - 2 scrolls of enchant weapon {unknown}
Potions
 f - a potion of heal wounds {unknown}
 k - a potion of ambrosia {unknown}
 l - 2 potions of mutation {unknown}
 m - 2 potions of brilliance {unknown}
 n - a potion of might {unknown}


   Skills:
 + Level 2.3 Fighting
 + Level 3.0 Axes
 + Level 2.1 Throwing
 + Level 0.8 Armour
 + Level 2.9 Dodging


You had 2 spell levels left.
You didn't know any spells.
Your spell library contained the following spells:

 Spells                   Type           Power      Damage    Failure   Level
 Slow                     Hex            0%         N/A       45%         1
 Confusing Touch          Hex            0%         N/A       83%         3
 Gell's Gravitas          Tloc           0%         N/A       83%         3
 Portal Projectile        Hex/Tloc       0%         N/A       83%         3
 Teleport Other           Tloc           0%         N/A       83%         3
 Tukima's Dance           Hex            0%         N/A       83%         3
 Vampiric Draining        Necr           0%         2d6       83%         3
 Blade Hands              Tmut           0%         N/A       100%        5
 Dispersal                Tloc           0%         N/A       100%        6


Dungeon Overview and Level Annotations

Branches:
Dungeon (2/15)

Altars:


Innate Abilities, Weirdness & Mutations

Your touch may inflict irresistible damage on your foes.


Message History

You barely miss the adder.
The adder is severely wounded.
You miss the adder.
You feel sick. The adder bites you but does no damage.
The adder barely misses you. x2; The adder bites you.
You are more poisoned.
The adder poisons you!
You barely miss the adder.
The adder is severely wounded.
You hit the adder.
You feel sick. The adder barely misses you. The adder closely misses you. x2
You hit the adder but do no damage.
The adder is severely wounded.
You barely miss the adder.
You feel sick. The adder barely misses you. The adder misses you.
The adder bites you but does no damage. x2
You are too injured to fight recklessly!
You are too injured to fight recklessly!
You are too injured to fight recklessly!
You are too injured to fight recklessly!
You are too injured to fight recklessly!
You are too injured to fight recklessly!
You are too injured to fight recklessly!
You are too injured to fight recklessly!
You are too injured to fight recklessly!
You are too injured to fight recklessly!
You are too injured to fight recklessly!
You are too injured to fight recklessly!
You are too injured to fight recklessly!
The adder attacks as you move away! The adder bites you.
You feel sick.
You closely miss the adder.
The adder is severely wounded.
You feel sick. The adder bites you.
* * * LOW HITPOINT WARNING * * *
The adder bites you.
* * * LOW HITPOINT WARNING * * *
You hit the adder.
The adder is almost dead.
You miss the adder.
* * * LOW HITPOINT WARNING * * *
You feel sick. The adder bites you.
You die...

#.#. # ###.#.###.#
#.......#. .#......
##########..##.#.#####
#.#.#.#.#.#.##........
............###.##...
.#.#.#.#S#.#.#.####.##.##
.......S@.....†..†..##(##
.#.#.#.#.#.#.#.#######.##
...............# #.##
#.#.#.#.#.#.#.## #...
############# ####
#########


You could see 2 adders.

Vanquished Creatures
  An adder (D:2)
  3 bats
  An endoplasm (D:1)
  3 giant cockroaches
  2 goblins (D:1)
  2 hobgoblins
  4 ball pythons
  2 frilled lizards (D:1)
  2 kobolds (D:1)
  2 rats
22 creatures vanquished.

Notes
Turn   | Place    | Note
-------+----------+-------------------------------------------
     0 | D:1      | GorkyZ the Demonspawn Gladiator began the quest for the
                  | Orb.
     0 | D:1      | Reached XP level 1. HP: 16/16 MP: 1/1
   334 | D:1      | Gained mutation: Your touch may inflict minor irresistible
                  | damage on your foes. [demonic ancestry]
   334 | D:1      | Reached XP level 2. HP: 20/22 MP: 2/2
   685 | D:1      | Found a faded altar of an unknown god.
  1042 | D:2      | Reached skill level 3 in Axes
  1042 | D:2      | Gained mutation: Your touch may inflict irresistible damage
                  | on your foes. [demonic ancestry]
  1042 | D:2      | Reached XP level 3. HP: 20/28 MP: 3/3
  1196 | D:2      | HP: 1/28 [poisoned by an adder]
  1196 | D:2      | Slain by an adder

Illustrated notes

Levels and vault maps discovered:
D:1:      ncdulo_halloftheorcs, layout_rooms,
          hellmonk_ecumenical_altar_heavens_door
D:2:      layout_loops_corners, st_stairs_12, kennysheep_nub

Skill      XL: |  1  2 |
---------------+-------+-----
Throwing       | 2 |  2.1
Axes           | 3 |  3.0
Fighting       | |  2.3
Armour         | |  0.8
Dodging        | |  2.9

Action                   || total
-------------------------++-------
Melee: War axe           ||    74
Armor: Leather armour    ||    32
Dodge: Dodged            ||    71
